 Dungeon Crawl Stone Soup version 0.20.1-1-g8b1a95d (webtiles) character file.

43 kkmou the Grasshopper (level 3, 0/18 HPs)
             Began as a Spriggan Warper on Sept 22, 2017.
             Killed by nerve-wracking pain
             ... invoked by Jessica
              (10 damage)
             ... on level 2 of the Dungeon.
             The game lasted 00:14:34 (1401 turns).

kkmou the Grasshopper (Spriggan Warper)             Turns: 1401, Time: 00:14:35

Health: 0/18       AC:  2    Str:  7    XL:     3   Next: 37%
Magic:  8/8        EV: 19    Int: 21    God:
Gold:   21         SH:  0    Dex: 15    Spells: 4/8 levels left

rFire    . . .     SeeInvis +   o - +0 long sword
rCold    . . .     Gourm    .   (shield restricted)
rNeg     . . .     Faith    .   n - +0 robe
rPois    .         Spirit   .   (helmet restricted)
rElec    .         Reflect  .   (no cloak)
rCorr    .         Harm     .   (gloves unavailable)
MR       .....                  (boots unavailable)
Stlth    ++........             (no amulet)
Regen    0.1/turn               h - +6 ring of intelligence
MPRegen  0.2/turn               (no ring)

@: very quick
A: unfitting armour, see invisible, herbivore 3, speed 3, slow metabolism 2
a: no special abilities


You were on level 2 of the Dungeon.
You were very full.

You visited 1 branch of the dungeon, and saw 2 of its levels.

You collected 21 gold pieces.

Inventory:

Hand Weapons
 a - a +0 short sword
 o - a +0 long sword (weapon)
Armour
 b - a +4 chain mail
 i - a +0 pair of gloves
 m - a +0 robe
 n - a +0 robe (worn)
Jewellery
 h - a +6 ring of intelligence (left hand)
Scrolls
 d - a scroll of magic mapping {unknown}
 e - a scroll of teleportation {unknown}
 g - a scroll of blinking
 j - 2 scrolls of remove curse {unknown}
 k - a scroll of identify {unknown}
Potions
 l - a potion of curing {unknown}
Books
 c - a book of Spatial Translocations

   Spells                             Type                      Level
   a - Blink                          Translocation                2
   b - Shroud of Golubria             Charms/Translocation         2
   c - Lesser Beckoning               Translocation                3
   d - Gell's Gravitas                Translocation                3
   e - Teleport Other                 Translocation                3
   f - Passage of Golubria            Translocation                4
Comestibles
 f - a bread ration


   Skills:
 + Level 1.8 Fighting
 + Level 2.7 Short Blades
 + Level 0.1(1.1) Long Blades
 + Level 1.2 Throwing
 + Level 4.3 Dodging
 + Level 0.9 Stealth
 + Level 3.1 Spellcasting
 + Level 4.4 Translocations


You had 4 spell levels left.
You knew the following spells:

 Your Spells              Type           Power        Failure   Level  Hunger
a - Shroud of Golubria    Chrm/Tloc      ##........   8%          2    ##.....
b - Blink                 Tloc           N/A          3%          2    ##.....


Dungeon Overview and Level Annotations

Branches:
Dungeon (2/15)

Altars:
Makhleb

Annotations:
D:2 Jessica


Innate Abilities, Weirdness & Mutations

You are very small and have problems with some larger weapons.
You are too small for most types of armour.
You have supernaturally acute eyesight. (SInv)
You are a herbivore.
You cover ground extremely quickly.
You need consume almost no food.


Message History

You barely miss the adder. The adder bites you.
You are poisoned.
The adder poisons you! The adder barely misses you.
You hit the adder.
The adder is moderately wounded.
You feel sick. The adder misses you.
You riposte.
You hit the adder.
The adder is heavily wounded.
You slash the adder!
You kill the adder!
You feel sick.
You start resting.
You feel sick. x4
You are no longer poisoned.
You start resting.
Jessica is nearby!
Jessica shouts!
Jessica points at you and mumbles some strange words.
Pain shoots through your body!
Ouch! That really hurt!
You die...

........#### .###.#..# .#
#.#..# .###.#..# ..#
........# ...# . .#####..#
...$#.. .## #..# ......
_.####..# ######+#<..... +
........# #.....@.#.# .#.
...####.# #.......+.. ....
...####.###†......#.####....
..................#.........
.#.####.##........#.......#.
.#..# .....@...............
.##.##...##...............#.
............................
.....#..@###.##...........#.


You could see Jessica.

Vanquished Creatures
  2 adders (D:2)
  3 bats (D:1)
  3 giant cockroaches (D:1)
  6 goblins
  2 hobgoblins (D:1)
  3 kobolds
  A quokka (D:2)
  A frilled lizard (D:1)
  3 rats
24 creatures vanquished.

Notes
Turn   | Place    | Note
-------+----------+-------------------------------------------
     0 | D:1      | kkmou the Spriggan Warper began the quest for the Orb.
     0 | D:1      | Reached XP level 1. HP: 10/10 MP: 5/5
   375 | D:1      | Reached XP level 2. HP: 15/15 MP: 6/6
   712 | D:1      | Learned a level 2 spell: Shroud of Golubria
   715 | D:1      | Learned a level 2 spell: Blink
   908 | D:2      | Reached XP level 3. HP: 11/18 MP: 8/8
  1017 | D:2      | Found a burning altar of Makhleb.
  1351 | D:2      | Noticed Jessica
  1401 | D:2      | Killed from afar by Jessica

Skill      XL: |  1  2 |
---------------+-------+-----
Dodging        | 4 |  4.3
Spellcasting   | 3 |  3.1
Fighting       | |  1.8
Short Blades   | |  2.7
Long Blades    | |  0.1
Throwing       | |  1.2
Stealth        | |  0.9
Translocations | |  4.4

Action                   || total
-------------------------++-------
Melee: Short sword       ||   114
       Long sword        ||     6
Throw: Tomahawk          ||     5
 Cast: Blink             ||     8
       Shroud of Golubri ||     1
  Use: Scroll            ||     1
 Stab: Sleeping          ||     1
  Eat: Bread ration      ||     1
Armor: Robe              ||    19
Dodge: Dodged            ||   107
       Rpst.: Long sword ||     2
